 Dungeon Crawl Stone Soup version 0.28-a0-1235-g7c8fac35f0 (webtiles) character file.

Game seed: 5326407741753353136

140 ReploidZero the Magician (level 5, 0/35 HPs)
             Began as a Djinni Conjurer on Dec 24, 2021.
             Slain by a shadow (8 damage)
             ... created by the darkness of Dithmenos
             ... on level 4 of the Dungeon.
             The game lasted 00:10:57 (4738 turns).

ReploidZero the Magician (Djinni Conjurer)          Turns: 4738, Time: 00:10:58

Health: 0/35       AC:  4    Str:  6    XL:     5   Next: 47%
Gold:   197        EV: 12    Int: 21    God:
                   SH:  5    Dex: 12

rFire   + + .      SeeInvis .   e - +3 hand axe
rCold   x . .      Faith    .   (no shield)
rNeg    . . .      Spirit   .   a - +0 robe
rPois   ∞          Reflect  +   (no helmet)
rElec   .          Harm     .   f - +1 cloak
rCorr   .          Rampage  .   (no gloves)
Will    .....                   (boots unavailable)
Stlth   ++........              j - amulet of reflection
HPRegen 0.11/turn               (no ring)
MPRegen 0.00/turn               (no ring)

@: flying
A: sickness immunity, fire resistance 2, cold vulnerability 1, float, innate
caster, hp casting, extra vitality 1
a: no special abilities


You were on level 4 of the Dungeon.
You visited 1 branch of the dungeon, and saw 4 of its levels.

You collected 197 gold pieces.

Inventory:

Hand Weapons
 e - a +3 hand axe (weapon)
Armour
 a - a +0 robe (worn)
 f - a +1 cloak (worn)
 q - a scarf of repulsion
Jewellery
 j - an amulet of reflection (around neck)
Wands
 h - a wand of polymorph (7)
 i - a wand of iceblast (12)
Scrolls
 b - a scroll of fog {unknown}
 c - 6 scrolls of identify {unknown}
 d - a scroll of silence {unknown}
 g - a scroll of summoning {unknown}
 l - a scroll of noise {unknown}
 n - 3 scrolls of teleportation {unknown}
 o - a scroll of vulnerability {unknown}
Potions
 k - a potion of magic {unknown}
 m - a potion of attraction {unknown}
 p - a potion of might {unknown}


   Skills:
 - Level 2.1 Dodging
 - Level 1.5 Stealth
 + Level 5.0 Spellcasting


You couldn't memorise any spells.
You knew the following spells:

 Your Spells              Type           Power      Damage    Failure   Level
a - Magic Dart            Conj           100%       1d8       1%          1
b - Searing Ray           Conj           52%        2d6       1%          2
c - Dazzling Flash        Conj/Hex       52%        N/A       4%          3
d - Fulminant Prism       Conj/Hex       13%        3d9       14%         4
e - Iskenderun's Mystic   Conj/Tloc      26%        2d7       14%         4
f - Apportation           Tloc           52%        N/A       1%          1
g - Passwall              Tmut/Erth      21%        N/A       1%          2
Your spell library was empty.

Dungeon Overview and Level Annotations

Branches:
Dungeon (4/15)
 Temple: D:4-7

Altars:
Dithmenos
The Shining One


Innate Abilities, Weirdness & Mutations

You are immune to sickness and miasma.
You are immune to poison.
Your flesh is very heat resistant. (rF++)
You are vulnerable to cold. (rC-)
You float through the air rather than walking.
You learn spells naturally, not from books.
Your magical power is your life essence.
You have superior vitality. (+4 MHP)


Message History

The shadow is lightly damaged.
The searing ray misses the shadow.
The searing ray hits the shadow.
The shadow is moderately damaged.
You finish channelling your searing ray.
The shadow completely misses you. The shadow barely misses you.
The shadow hits you. The shadow hits you! The shadow barely misses you.
Casting: Searing Ray (safe; 1% risk of failure)
Confirm with . or Enter, or press ? or * to list all spells.
Aiming: Searing Ray (safe; 1% risk of failure)
Press: ? - help, Shift-Dir - straight line, f/p - shadow
Aim: a shadow (moderately damaged, durably summoned, 79% to hit)
The searing ray hits the shadow.
The shadow is heavily damaged. (Press . to maintain the ray.)
You block the shadow's attack.
The searing ray hits the shadow.
The shadow is severely damaged.
The shadow barely misses you.
The searing ray hits the shadow!
The shadow is almost destroyed.
The shadow barely misses you.
The searing ray misses the shadow.
You finish channelling your searing ray.
The shadow hits you. The shadow hits you.
* * * LOW HITPOINT WARNING * * *
Casting: Searing Ray (safe; 1% risk of failure)
Confirm with . or Enter, or press ? or * to list all spells.
Aiming: Searing Ray (safe; 1% risk of failure)
Press: ? - help, Shift-Dir - straight line, f/p - shadow
Aim: a shadow (almost destroyed, durably summoned, 79% to hit)
The searing ray misses the shadow. (Press . to maintain the ray.)
* * * LOW HITPOINT WARNING * * *
The shadow hits you!
You die...

..........# ##..###.....###.##
#. ...).....## #.÷###..##.##
#..# #.
.....[...####<##...###.#
##.###. ............#.##.###
#.# #..##. .........##...##.###
#.# ##.... ####..........##.##.
#.# ###.. # ##.###.###.....##.
#.# #.[ #
#..#.....#...#.##.##.# ##.
###..#.^...#...#@##..#.# #.
.....).........#.W##.#.######
#.
)..[.#.>...#.................
.. ###..#.....#..###....)...##
#. #..###.###...##.).......##
##.......................#####.
#####.......#.................
#####...###.......W......##
#.......................##


You could see 2 shadows.

Vanquished Creatures
  An orc wizard (D:4)
  4 adders
  An adder skeleton (D:4)
  A dart slug (D:4)
  9 orcs
  8 endoplasms
  5 goblins
  7 hobgoblins
  8 ball pythons
  4 bats
  A frilled lizard (D:1)
  5 kobolds
  8 rats
62 creatures vanquished.

Notes
Turn   | Place    | Note
-------+----------+-------------------------------------------
     0 | D:1      | ReploidZero the Djinni Conjurer began the quest for the
                  | Orb.
     0 | D:1      | Reached XP level 1. HP: 15/15 MP: 0/0
   244 | D:1      | Reached XP level 2. HP: 19/21 MP: 0/0
  1021 | D:2      | Reached XP level 3. HP: 22/25 MP: 0/0
  1021 | D:2      | Learned a level 1 spell: Apportation
  1151 | D:2      | Reached skill level 4 in Spellcasting
  1300 | D:2      | Found a faded altar of an unknown god.
  1310 | D:2      | Prayed at the altar of an unknown god.
  1310 | D:2      | Became a worshipper of Dithmenos the Shadowed
  1310 | D:2      | Reached * piety under Dithmenos
  2495 | D:3      | Reached XP level 4. HP: 27/31 MP: 0/0
  2863 | D:3      | Found a glowing golden altar of the Shining One.
  2911 | D:3      | Fell from the grace of Dithmenos
  3841 | D:4      | Reached XP level 5. HP: 30/35 MP: 0/0
  3841 | D:4      | Learned a level 2 spell: Passwall
  4295 | D:4      | Reached skill level 5 in Spellcasting
  4384 | D:4      | Noticed a shadow
  4384 | D:4      | Noticed a shadow demon
  4384 | D:4      | Noticed a shadow
  4384 | D:4      | Noticed a shadow
  4738 | D:4      | Slain by a shadow

Illustrated notes

Levels and vault maps discovered:
D:1:      nicolae_arrival_washed_ashore, layout_basic
D:2:      layout_loops_corners, shapermc_ecumenical_altar_notcrosses,
          minmay_misc_feat_more_columns
D:3:      layout_loops_ring, nicolae_tso_carved_into_rock
D:4:      layout_rooms, minmay_temple_entry_glassed_door, st_stairs_3

Skill      XL: |  1  2  3  4  5 |
---------------+----------------+-----
Spellcasting   | 4 5 |  5.0
Dodging        | |  2.1
Stealth        | |  1.5

Action                   |  1- 3 |  4- 6 || total
-------------------------+-------+-------++-------
Melee: Dagger            |    40 |    21 ||    61
       Hand axe          |       |    16 ||    16
       Unarmed           |       |    11 ||    11
 Cast: Magic Dart        |    55 |    56 ||   111
       Searing Ray       |     1 |     5 ||     6
Invok: Renounce Religion |       |     1 ||     1
 Stab: Sleeping          |     1 |     2 ||     3
Armor: Robe              |    11 |    11 ||    22
Dodge: Dodged            |    50 |    41 ||    91
Block: Other             |       |     9 ||     9

Table legend: (Time is in decaauts)
 A = Elapsed time spent in this place.
 B = Non-inter-level travel time spent in this place.
 C = Inter-level travel time spent in this place.
 D = Time resting spent in this place.
 E = Time spent auto-exploring this place.
 F = Levels seen in this place.
 G = Mean time per level.
                   A        B        C        D        E       F      G
               +--------+--------+--------+--------+--------+-----+--------+
         Total |   4742 |   4554 |    188 |      0 |   4043 |   4 | 1185.5 |
       Dungeon |   4742 |   4554 |    188 |      0 |   4043 |   4 | 1185.5 |
               +--------+--------+--------+--------+--------+-----+--------+

Top non-repeatable levels by time:
     D:2: 1370 daAuts
     D:3: 1236 daAuts
     D:4: 1177 daAuts
     D:1: 958 daAuts
